 Dungeon Crawl Stone Soup version 0.28.0-43-g3370ac3207 (webtiles) character file.

Game seed: 1175899264935179023

336 experimilk the Cudgeller (level 6, -4/51 HPs)
             Began as a Palentonga Fighter on Mar 17, 2022.
             Slain by a black bear (10 damage)
             ... on level 4 of the Dungeon on Mar 18, 2022.
             The game lasted 00:12:14 (4651 turns).

experimilk the Cudgeller (Palentonga Fighter)       Turns: 4651, Time: 00:12:15

Health: -4/51      AC:  8    Str: 22    XL:     6   Next: 28%
Magic:  6/6        EV:  5    Int:  8    God:
Gold:   124        SH:  4    Dex:  9    Spells: 5/5 levels left

rFire   . . .      SeeInvis +   a - +0 flail
rCold   . . .      Faith    .   c - +0 buckler
rNeg    . . .      Spirit   .   r - +0 chain mail
rPois   +          Reflect  .   (no helmet)
rElec   .          Harm     .   (no cloak)
rCorr   +          Rampage  .   h - +0 pair of gloves
Will    .....                   (no barding)
Stlth   ..........              (no amulet)
HPRegen 0.17/turn               j - ring of resist corrosion
MPRegen 0.10/turn               p - ring of poison resistance

@: no status effects
A: large, rugged brown scales 3, see invisible, deformed body, roll 1, armoured
tail
a: Rolling Charge


You were on level 4 of the Dungeon.
You visited 1 branch of the dungeon, and saw 4 of its levels.

You collected 124 gold pieces.

Inventory:

Hand Weapons
 a - a +0 flail (weapon)
Missiles
 l - 131 stones
Armour
 b - a +0 scale mail
 c - a +0 buckler (worn)
 h - a +0 pair of gloves (worn)
 r - a +0 chain mail (worn)
Jewellery
 g - a ring of fire
 j - a ring of resist corrosion (left hand)
 p - a ring of poison resistance (right hand)
Wands
 m - a wand of flame (28)
Scrolls
 d - a scroll of summoning {unknown}
 e - a scroll of fear {unknown}
 k - a scroll of amnesia {unknown}
 o - a scroll of teleportation {unknown}
 q - a scroll of enchant armour {unknown}
 s - a scroll of identify
Potions
 f - 2 potions of mutation
 i - 3 potions of curing
 n - a potion of ambrosia {unknown}


   Skills:
 + Level 3.9 Fighting
 * Level 6.2 Maces & Flails
 - Level 2.4 Armour
 - Level 2.4 Shields


You had 5 spell levels left.
You didn't know any spells.
Your spell library was empty.

Dungeon Overview and Level Annotations

Branches:
Dungeon (4/15)
 Temple: D:4-7

Altars:
Beogh

Annotations:
D:3 3 runed translucent doors, GloriousHammer's ghost, amateur MiBe


Innate Abilities, Weirdness & Mutations

You are completely covered in rugged brown scales. (AC +3, +7% HP)
You have supernaturally acute eyesight. (SInv)
Armour fits poorly on your strangely shaped body.
You can roll at nearby foes to attack.
You have a long armoured tail.


Message History

You closely miss the black bear.
The black bear is moderately wounded.
The black bear barely misses you. The black bear claws you.
The black bear claws you but does no damage.
You sock the black bear!
The black bear is heavily wounded.
The black bear bites you.
The black bear claws you but does no damage.
The black bear barely misses you.
You closely miss the black bear.
The black bear is heavily wounded.
The black bear bites you but does no damage.
The black bear claws you but does no damage.
The black bear claws you.
You barely miss the black bear.
The black bear is heavily wounded.
The black bear bites you.
The black bear claws you but does no damage.
You block the black bear's attack.
You barely miss the black bear.
The black bear is heavily wounded.
The black bear bites you. The black bear barely misses you.
The black bear claws you but does no damage.
You sock the black bear!
Your tail-slap misses the black bear.
The black bear is almost dead.
The black bear goes berserk!
You barely miss the black bear.
The black bear is almost dead.
The black bear bites you!
* * * LOW HITPOINT WARNING * * *
The black bear claws you but does no damage. x2
The black bear bites you.
* * * LOW HITPOINT WARNING * * *
The black bear claws you.
* * * LOW HITPOINT WARNING * * *
The black bear claws you but does no damage.
You hit the black bear.
The black bear is almost dead.
The black bear bites you!
You die...

### #.. #.#
#.#.# #. #.#.#
#. #.#.#
#.##.#.#
#.##.#@#
#.##.#h#
##.#..#.########
.S.
#...............
#..
#...####.####.#.
#..##
#...........
#...##
#...########
####....## #.###
......... #.#
#..รท.##


You could see a black bear (berserk).

Vanquished Creatures
  An ogre (D:3)
  A bullfrog skeleton (D:4)
  2 orc priests (D:3)
  An iguana (D:2)
  Jessica (D:2)
  2 adders (D:2)
  An adder skeleton (D:4)
  A dart slug (D:2)
  10 orcs
  4 endoplasms
  5 giant cockroaches
  7 goblins
  5 hobgoblins
  6 jackals
  2 quokkas
  4 ball pythons
  8 bats
  2 frilled lizards
  5 kobolds
  3 rats
71 creatures vanquished.

Notes
Turn   | Place    | Note
-------+----------+-------------------------------------------
     0 | D:1      | experimilk the Palentonga Fighter began the quest for the
                  | Orb.
     0 | D:1      | Reached XP level 1. HP: 19/19 MP: 1/1
   166 | D:1      | Reached XP level 2. HP: 24/25 MP: 2/2
   256 | D:1      | Reached skill level 3 in Maces & Flails
   698 | D:2      | Found a faded altar of an unknown god.
   706 | D:2      | Reached XP level 3. HP: 29/31 MP: 3/3
   825 | D:2      | Noticed Jessica
   827 | D:2      | Killed Jessica
   828 | D:2      | Reached skill level 4 in Maces & Flails
  1056 | D:2      | Reached XP level 4. HP: 7/37 MP: 4/4
  1853 | D:2      | Reached skill level 5 in Maces & Flails
  3100 | D:4      | Reached XP level 5. HP: 21/43 MP: 5/5
  3423 | D:3      | Noticed an ogre
  3780 | D:3      | Found a runed translucent gate.
  3781 | D:3      | Found a runed translucent gate.
  3782 | D:3      | Found a runed translucent gate.
  3782 | D:3      | Noticed GloriousHammer's ghost (amateur MiBe)
  3783 | D:3      | Identified the +3 scale mail of the World {rF+ Str+6}
  4027 | D:3      | Killed an ogre
  4028 | D:3      | Reached skill level 6 in Maces & Flails
  4028 | D:3      | Reached XP level 6. HP: 51/51 MP: 6/6
  4561 | D:4      | Identified the +2 pair of boots "Ulotir" {Int+6}
  4651 | D:4      | Slain by a black bear

Illustrated notes

Levels and vault maps discovered:
D:1:      dpeg_arrival_round_c, layout_rooms,
          hangedman_abyss_or_decor_lesser_grid
D:2:      layout_basic, chequers_ecumenical_altar_simple, chequers_arboretum,
          uniq_jessica
D:3:      layout_loops_cross, biasface_ghost_orc_armoury
D:4:      layout_loops_ring, minivault_5, grunt_ministairs_12, grunt_decor_cap,
          uniq_ijyb

Skill      XL: |  1  2  3  4  5 |
---------------+----------------+-----
Maces & Flails | 3 4 5 6 |  6.2
Fighting       | |  3.9
Armour         | |  2.4
Shields        | |  2.4

Action                   |  1- 3 |  4- 6 || total
-------------------------+-------+-------++-------
Melee: Flail             |    75 |   156 ||   231
       Tailslap          |     9 |    13 ||    22
 Abil: Rolling Charge    |    14 |    13 ||    27
Evoke: Wand              |       |     2 ||     2
  Use: Potion            |     1 |       ||     1
       Scroll            |       |     2 ||     2
Armor: Scale mail        |    43 |    71 ||   114
       Chain mail        |       |    34 ||    34
Dodge: Dodged            |    29 |    50 ||    79
Block: Buckler           |    15 |    38 ||    53
